cohdb
Replays
Latest Replays
All Replays
Popular Replays
Top Player Replays
Match Explorer
How It Works
Community
CoH3 Stats
Reddit
Sign in to upload your games and track your stats! →
Sign in with Steam
Match 42629192
Unlisted
Match 42629192
Overview
Messages
Build Orders
End
Construct Barracks
Riflemen Squad
Riflemen Squad
Riflemen Squad
Construct Weapon Support Center
M1919 Machine Gun Team
Grenade Package
Mechanized Support Center
Bazooka Squad
Selects Heavy Weapons
Selects M2HB .50cal Heavy Machine Gun
Selects Gallant Stand
Gallant Stand
Construct Tank Depot
M1919 Machine Gun Team
Gallant Stand
M4A1 Sherman Medium Tank
Construct Medical Station
M4A1 76mm Conversion
Selects Black Dragon Artillery Barrage
Selects Assault Carriers
Selects Exchangeable Parts
matrix4x4
blindstep
0
0
Comments
sign in to comment!
No comments posted yet!